 Dungeon Crawl Stone Soup version 0.25-a0-565-g8875c97ebb (webtiles) character file.

Game seed: 2559887583752233793, levelgen mode: classic

124 EnegeticOcto the Shield-Bearer (level 4, -3/42 HPs)
             Began as a Deep Dwarf Fighter on Feb 26, 2020.
             Killed by divine providence
             ... invoked by an orc priest
              (10 damage)
             ... on level 4 of the Dungeon.
             The game lasted 00:00:51 (872 turns).

EnegeticOcto the Shield-Bearer (Deep Dwarf Fighter)  Turns: 872, Time: 00:00:52

Health: -3/42      AC:  9    Str: 21    XL:     4   Next: 81%
Magic:  0/2        EV:  8    Int:  8    God:
Gold:   46         SH:  9    Dex: 12    Spells: 3/3 levels left

rFire    . . .     SeeInvis .   q - +2 hand axe (vorpal)
rCold    . . .     Gourm    .   c - +0 kite shield
rNeg     . . .     Faith    .   b - +0 scale mail
rPois    .         Spirit   +   h - +0 helmet
rElec    .         Reflect  .   (no cloak)
rCorr    .         Harm     .   d - +0 pair of gloves
MR       .....                  (no boots)
Stlth    ..........             r - amulet of guardian spirit
HPRegen  0.00/turn              (no ring)
MPRegen  0.08/turn              (no ring)

@: non-regenerating
A: damage resistance, heal wounds, sense surroundings 1, no regeneration
a: Heal Wounds


You were on level 4 of the Dungeon.
You were not hungry.

You visited 1 branch of the dungeon, and saw 4 of its levels.

You collected 46 gold pieces.

Inventory:

Hand Weapons
 a - a +0 war axe
 q - a +2 vorpal hand axe (weapon)
Missiles
 g - a throwing net (quivered)
Armour
 b - a +0 scale mail (worn)
 c - a +0 kite shield (worn)
 d - a +0 pair of gloves (worn)
 h - a +0 helmet (worn)
Jewellery
 r - an amulet of guardian spirit (around neck)
Scrolls
 f - 2 scrolls of teleportation {unknown}
 j - a scroll of fear {unknown}
 m - 2 scrolls of identify {unknown}
 o - a scroll of amnesia {unknown}
 p - a scroll of enchant weapon {unknown}
Potions
 k - a potion of might {@q3}
 l - a potion of lignification {unknown}
 n - a potion of curing {unknown}
Comestibles
 e - 5 rations
 i - 17 chunks of flesh


   Skills:
 * Level 3.5 Fighting
 * Level 3.7 Axes
 + Level 3.7 Armour
 + Level 1.3 Dodging
 + Level 3.7 Shields


You had 3 spell levels left.
You didn't know any spells.
Your spell library was empty.

Dungeon Overview and Level Annotations

Branches:
Dungeon (4/15)
 Temple: D:4-7

Altars:
Makhleb


Innate Abilities, Weirdness & Mutations

You are resistant to damage.
You can heal yourself by infusing magical energy.
You passively map a small area around you.
You do not regenerate.


Message History

No target in view!
No target in view!
No target in view!
(D) Dungeon
Where to? (Enter - D:4 @ (x,y), ? - help)
Found a stone staircase leading down.
Found 13 gold pieces.
Found a burning altar of Makhleb.
There is a stone staircase leading down here.
You climb downwards.
There is a stone staircase leading up here.
You open the door.
An orc priest comes into view. It is wielding a +0 dagger.
The orc priest shouts!
You hear a shout! x2
An orc warrior comes into view. It is wielding a +0 scimitar.
An orc comes into view. It is wielding a +0 club.
Found 5 gold pieces.
There are monsters nearby!
There are monsters nearby!
There are monsters nearby!
There are monsters nearby!
There are monsters nearby!
A dart slug comes into view.
An orc wizard comes into view.
It is wielding a +0 dagger of electrocution.
The orc priest casts a cantrip, but nothing happens.
An orc comes into view. It is wielding a +0 falchion.
There is an open door here.
The orc wizard casts a spell.
The orc wizard seems to speed up.
The orc shouts!
You barely miss the orc priest.
The orc priest hits you but does no damage.
You hit the orc warrior.
The orc warrior is lightly wounded.
You hit the orc priest but do no damage.
The orc warrior hits you with a +0 scimitar!
The orc wizard casts a spell at you. The magic dart hits you.
You block the orc's attack.
The orc priest hits you but does no damage.
You hit the orc warrior.
The orc warrior is moderately wounded.
Your scale mail prevents you from hitting the orc.
You hit the orc priest but do no damage.
The orc warrior hits you with a +0 scimitar!
You block the orc's attack. You block the orc priest's attack.
You are too injured to fight recklessly!
You are too injured to fight recklessly!
You are too injured to fight recklessly!
You are too injured to fight recklessly!
You are too injured to fight recklessly!
You are too injured to fight recklessly!
You are too injured to fight recklessly!
You are too injured to fight recklessly!
You are too injured to fight recklessly!
You are too injured to fight recklessly!
You are too injured to fight recklessly!
You are too injured to fight recklessly!
You are too injured to fight recklessly!
You feel much better. The orc hits you with a +0 club.
You closely miss the orc warrior.
The orc warrior is moderately wounded.
You barely miss the orc priest. You hit the orc wizard.
You hit the orc but do no damage.
The orc priest hits you with a +0 dagger.
The orc wizard hits you but does no damage.
You are electrocuted!!
You hit the orc warrior but do no damage.
The orc warrior is moderately wounded.
You hit the orc priest but do no damage.
You closely miss the orc wizard. You hit the orc.
You kill the orc!
You hit the orc but do no damage. The orc wizard barely misses you.
The orc priest invokes the aid of Beogh against you.
You struggle to resist.
You block the orc warrior's attack. You block the orc's attack.
You block the orc wizard's attack.
You barely miss the orc warrior.
The orc warrior is moderately wounded.
You hit the orc. You hit the orc wizard.
You hit the orc priest but do no damage.
You block the orc wizard's attack.
The orc priest hits you but does no damage.
The orc warrior hits you with a +0 scimitar!
* * * LOW HITPOINT WARNING * * *
The orc hits you but does no damage. You block the orc wizard's attack.
You are too injured to fight recklessly!
You are too injured to fight recklessly!
You are too injured to fight recklessly!
You are too injured to fight recklessly!
You are too injured to fight recklessly!
You are too injured to fight recklessly!
You are too injured to fight recklessly!
You are too injured to fight recklessly!
You are too injured to fight recklessly!
You are too injured to fight recklessly!
You are too injured to fight recklessly!
You are too injured to fight recklessly!
You fail to use your ability.
The orc priest invokes the aid of Beogh against you.
Beogh smites you!
You die...

### #.#
#######.#
#<......#
#######.#
#####'## **
#..wo@o# *
......oo)# *
.........# *
......#... ,
, , ,,
.##.#.#.$..,
, , ,,
#.......##*
* #.#.....#
, , , ..,
..... , ,,,
, ,


You could see an orc warrior, an orc priest, an orc wizard, a dart slug and an
orc.

Vanquished Creatures
  An orc priest (D:3)
  Robin (D:2)
  3 gnolls (D:4)
  2 worms
  4 orcs
  A ball python (D:1)
  A bat (D:2)
  A giant cockroach (D:3)
  6 hobgoblins
  A quokka (D:2)
  5 frilled lizards
  13 goblins
  2 kobolds
  2 rats
43 creatures vanquished.

Notes
Turn   | Place    | Note
-------+----------+-------------------------------------------
     0 | D:1      | EnegeticOcto the Deep Dwarf Fighter began the quest for the
                  | Orb.
     0 | D:1      | Reached XP level 1. HP: 20/20 MP: 1/1
   166 | D:2      | Noticed Robin
   172 | D:2      | Reached XP level 2. HP: 16/27 MP: 2/2
   181 | D:2      | Killed Robin
   231 | D:2      | Reached XP level 3. HP: 19/34 MP: 2/2
   661 | D:3      | Reached skill level 1 in Dodging
   661 | D:3      | Reached XP level 4. HP: 22/42 MP: 2/2
   851 | D:3      | Found a burning altar of Makhleb.
   862 | D:4      | Noticed an orc warrior
   872 | D:4      | Killed from afar by an orc priest

Levels and vault maps discovered:
D:1:      lemuel_arrival_cross, layout_basic, minmay_lizard_king
D:2:      layout_basic, overflow_temple_1_default, first_ration,
          kennysheep_pointless_box, minmay_misc_feat_roman, uniq_robin
D:3:      layout_loops_ring, lemuel_doored_altar
D:4:      layout_basic, old_standard_altar, bh_chokoban

Skill      XL: |  1  2  3 |
---------------+----------+-----
Fighting       | 3 |  3.5
Axes           | 3 |  3.7
Dodging        | 1 |  1.3
Armour         | |  3.7
Shields        | |  3.7

Action                   |  1- 3 |  4- 6 || total
-------------------------+-------+-------++-------
Melee: War axe           |    94 |     5 ||    99
       Hand axe          |       |    25 ||    25
 Abil: Heal Wounds       |     3 |     2 ||     5
Armor: Scale mail        |    50 |    14 ||    64
Dodge: Dodged            |    37 |     9 ||    46
Block: Kite shield       |    52 |    22 ||    74

Table legend:
 A = Non-vault XP
 B = Vault XP
 C = Vault XP percentage of total XP
 D = Non-vault monster count
 E = Vault monster count
 F = Vault count percentage of total count
                 A         B        C        D         E       F
            +---------+---------+-------+---------+---------+-------
      Total |     144 |      34 |  19.1 |      32 |      11 |  25.6
            +---------+---------+-------+---------+---------+-------
        D:1 |       4 |       0 |   0.0 |       3 |       0 |   0.0
        D:2 |      18 |      34 |  65.4 |       9 |      11 |  55.0
        D:3 |      75 |       0 |   0.0 |      16 |       0 |   0.0
        D:4 |      47 |       0 |   0.0 |       4 |       0 |   0.0
            +---------+---------+-------+---------+---------+-------
